 Dungeon Crawl Stone Soup version 0.31-a0-37-g98a128e1d9 (webtiles) character file.

Game seed: 7839413348968325395

934 BlueFish the Charlatan (level 7, 0/59 HPs)
             Began as a Green Draconian Artificer on May 16, 2023.
             Was an Initiate of Fedhas.
             Slain by a shadow (28 damage)
             ... on level 5 of the Dungeon.
             The game lasted 00:09:47 (3963 turns).

BlueFish the Charlatan (Green Draconian Artificer)  Turns: 3963, Time: 00:09:48

Health: 0/59       AC:  8    Str: 15    XL:     7   Next: 86%
Magic:  8/8        EV: 13    Int: 13    God:    Fedhas [......]
Gold:   208        SH:  0    Dex: 11    Spells: 6/6 levels left

rFire   . . .        u - +8 war axe "Vok Kuut" {vamp, rC+}
rCold   + . .        (no shield)
rNeg    . . .        (body armour unavailable)
rPois   +            (helmet restricted)
rElec   .            r - +0 cloak
rCorr   .            (no gloves)
SInv    .            l - +0 pair of boots
Will    .....        (no amulet)
Stlth   ++           (no ring)
HPRegen 0.29/turn    (no ring)
MPRegen 0.11/turn

%: no passive effects
@: no status effects
A: breathe noxious fumes, AC +6, unfitting armour, poison resistance,
cold-blooded
a: Breathe Noxious Fumes, Renounce Religion


You were on level 5 of the Dungeon.
You worshipped Fedhas.
Fedhas was noncommittal.
You visited 1 branch of the dungeon, and saw 5 of its levels.

You collected 264 gold pieces.
You spent 56 gold pieces at shops.

Inventory:

Hand Weapons
 a - a +0 club
 h - a +0 halberd
 i - a +0 short sword
 k - a +2 falchion of holy wrath
 u - the +8 war axe "Vok Kuut" (weapon) {vamp, rC+}
   (You found it on level 4 of the Dungeon)

   rC:        It protects you from cold.
Armour
 l - a +0 pair of boots (worn)
 r - a +0 cloak (worn)
Wands
 b - a wand of flame (26) (quivered)
 c - a wand of charming (14)
 d - a wand of iceblast (4)
 o - a wand of light (8)
Scrolls
 g - a scroll of vulnerability {unknown}
 j - 2 scrolls of blinking {unknown}
 n - 3 scrolls of identify {unknown}
 p - 2 scrolls of teleportation
 q - 2 scrolls of amnesia {unknown}
 v - 2 scrolls of fear
Potions
 e - 3 potions of curing {unknown}
 f - 2 potions of resistance {unknown}
 m - a potion of haste {unknown}
 s - a potion of ambrosia {unknown}
 t - 2 potions of lignification {unknown}
 w - a potion of might


   Skills:
 + Level 4.2 Fighting
 - Level 2.0 Long Blades
 + Level 2.6 Axes
 + Level 4.1 Dodging
 + Level 3.9 Stealth
 + Level 2.0 Invocations
 + Level 5.0 Evocations


You had 6 spell levels left.
You didn't know any spells.
Your spell library contained the following spells:

 Spells                   Type           Power      Damage    Failure   Level
 Lesser Beckoning         Tloc           0%         N/A       43%         2
 Gell's Gravitas          Tloc           0%         N/A       67%         3
 Teleport Other           Tloc           0%         N/A       67%         3


Dungeon Overview and Level Annotations

Branches:
Dungeon (5/15)             Temple (0/1) D:4

Altars:
Ashenzari
Cheibriados
Fedhas
Kikubaaqudgha
Makhleb
Okawaru
Qazlal
Ru
Trog
Vehumet
Wu Jian
Xom

Shops:
D:3 *   D:5 ?


Innate Abilities, Weirdness & Mutations

You can breathe blasts of noxious fumes.
Your lurid green scales are hard. (AC +6)
You cannot fit into any form of body armour.
Your system is resistant to poisons. (rPois)
You are cold-blooded and may be slowed by cold attacks.


Message History

Fedhas accepts your kill.
Your Invocations skill increases to level 2!
Your Evocations skill increases to level 5!
Found a cloak.
An adder comes into view.
The adder hisses angrily.
A shadow comes into view.
You barely miss the adder.
Your tail-slap misses the adder.
The adder completely misses you. The adder bites you but does no damage.
You hit the adder.
Your tail-slap misses the adder.
The adder is lightly wounded.
The shadow slips into darkness.
The shadow flickers and vanishes!
Deactivating autopickup; reactivate with Ctrl-A.
The adder misses you.
You closely miss the adder. You tail-slap the adder.
The adder is heavily wounded.
The adder barely misses you. x2
You miss the adder.
The adder is moderately wounded.
The adder closely misses you. The adder bites you but does no damage.
The shadow strikes at you from the darkness!
Reactivating autopickup.
You hit the adder.
You feel better.
Your tail-slap misses the adder.
The adder is severely wounded.
You barely miss the shadow. The adder closely misses you. The shadow hits you!
You slash the adder!
You feel better.
You kill the adder!
Fedhas appreciates your contribution to the ecosystem.
You slash the shadow! The shadow misses you.
You barely miss the shadow.
The shadow is moderately damaged.
The shadow hits you.
The shadow slips into darkness.
The shadow flickers and vanishes!
Deactivating autopickup; reactivate with Ctrl-A.
You hit something.
The shadow strikes at you from the darkness!
You die...
Fedhas appreciates your contribution to the ecosystem.

#..##.#####..# ####
#.###.#†....## ...#
###.##....#####
##.###...##.#.##
##.##..####...#
#.....#......##
#.......###.##
#.....#####.############
.....##.........@†......
........##..###..{......
#......###.## #.########
#..........##...#
#....###......###
.....###...###
[[..........###
.#)....##.....## ##
)..###.......... (#


There were no monsters in sight!

Vanquished Creatures
  2 ice beasts (D:5)
  A black bear (D:5)
  A phantom (D:5)
  Blork the orc (D:5)
  2 orc priests (D:5)
  Crazy Yiuf (D:2)
  A gnoll bouda (D:5)
  2 iguanas
  Jessica (D:2)
  3 orc wizards (D:5)
  Robin (D:2)
  5 adders
  4 gnolls (D:5)
  An adder zombie (D:2)
  An adder skeleton (D:2)
  2 dart slugs
  8 orcs
  7 ball pythons
  5 bats
  A bat skeleton (D:2)
  3 bat zombies (D:2)
  10 endoplasms
  3 giant cockroaches
  20 goblins
  10 hobgoblins
  7 jackals
  6 kobolds
  2 quokkas
  A ball python skeleton (D:2)
  3 frilled lizards
  A jackal skeleton (D:2)
  A quokka skeleton (D:2)
  7 rats
124 creatures vanquished.

Vanquished Creatures (collateral kills)
  A hound (D:5)
1 creature vanquished.

Vanquished Creatures (others)
  An ogre (D:5)
  A kobold (D:4)
2 creatures vanquished.

Grand Total: 127 creatures vanquished

Notes
Turn   | Place    | Note
-------+----------+-------------------------------------------
     0 | D:1      | BlueFish the Draconian Artificer began the quest for the
                  | Orb.
     0 | D:1      | Reached XP level 1. HP: 16/16 MP: 1/1
    55 | D:1      | Reached skill level 1 in Stealth
   193 | D:1      | Reached XP level 2. HP: 23/23 MP: 2/2
   500 | D:1      | Found a faded altar of an unknown god.
  1159 | D:2      | Reached XP level 3. HP: 29/29 MP: 3/3
  1375 | D:2      | Found a sacrificial altar of Ru.
  1376 | D:2      | Noticed Robin
  1535 | D:2      | Reached XP level 4. HP: 35/36 MP: 4/4
  1653 | D:2      | Killed Robin
  1844 | D:2      | Noticed Jessica
  1853 | D:2      | Killed Jessica
  1854 | D:2      | Reached skill level 1 in Long Blades
  1977 | D:2      | Found a runed translucent door.
  1978 | D:2      | Noticed Crazy Yiuf
  1982 | D:2      | Killed Crazy Yiuf
  1983 | D:2      | Reached XP level 5. HP: 42/42 MP: 5/5
  2055 | D:3      | Found Wexzidat's Assorted Antiques.
  2199 | D:3      | Found a stormy altar of Qazlal.
  2979 | D:4      | Found a staircase to the Ecumenical Temple.
  2996 | D:4      | Reached skill level 4 in Evocations
  3011 | D:4      | Identified the +8 war axe "Vok Kuut" {vamp, rC+}
  3063 | D:4      | Found a shimmering altar of Xom.
  3065 | D:4      | Found a blossoming altar of Fedhas.
  3066 | D:4      | Found a broken altar of Ashenzari.
  3075 | D:4      | Found a snail-covered altar of Cheibriados.
  3077 | D:4      | Found a burning altar of Makhleb.
  3078 | D:4      | Found an ancient bone altar of Kikubaaqudgha.
  3083 | D:4      | Found a radiant altar of Vehumet.
  3086 | D:4      | Found a bloodstained altar of Trog.
  3087 | D:4      | Found an iron altar of Okawaru.
  3372 | D:5      | Entered Level 5 of the Dungeon
  3385 | D:5      | Found an ornate altar of the Wu Jian Council.
  3412 | D:5      | Noticed an ogre
  3413 | D:5      | Noticed Blork the orc
  3424 | D:5      | Reached XP level 6. HP: 51/51 MP: 6/6
  3433 | D:5      | Killed Blork the orc
  3506 | D:5      | Reached skill level 1 in Axes
  3682 | D:5      | Noticed an ice beast
  3689 | D:5      | Killed an ice beast
  3690 | D:5      | Your scales start taking on a lurid green colour.
  3690 | D:5      | Reached XP level 7. HP: 42/58 MP: 7/7
  3690 | D:5      | Gained mutation: Your system is resistant to poisons.
                  | (rPois) [Green Draconian growth]
  3719 | D:4      | Became a worshipper of Fedhas Madash
  3827 | D:5      | Reached skill level 1 in Invocations
  3876 | D:5      | Found Beiratz's Magic Scroll Boutique.
  3902 | D:5      | Bought a scroll of fear for 56 gold pieces
  3935 | D:5      | Reached skill level 5 in Evocations
  3955 | D:5      | Noticed a shadow
  3963 | D:5      | Slain by a shadow

Illustrated notes

Levels and vault maps discovered:
D:1:      dpeg_arrival_tiny_f, layout_loops_ring,
          nicolae_ecumenical_lake_church, kennysheep_nondescript
D:2:      layout_rooms, serial_undead, serial_undead_d, serial_undead_f,
          serial_undead_f, serial_undead_f, serial_undead_c, serial_undead_e,
          basic_altar, uniq_crazy_yiuf_cottage, uniq_jessica, uniq_robin
D:3:      layout_basic, grunt_qazlal_clouds, serial_shops,
          nicolae_shop_competitors_out_of_business, palyth_stone_intersect,
          minmay_goblin_kobold_house
D:4:      layout_basic, nicolae_overflow_hallway_of_the_gods,
          minmay_temple_entry_stoned_glass
D:5:      layout_rooms, mainiacjoe_overflow_alcove_1, serial_shops, shop,
          uniq_blork_the_orc

Skill      XL: |  1  2  3  4  5  6  7 |
---------------+----------------------+-----
Stealth        | 1 2 3 |  3.9
Fighting       | 2 3 4 |  4.2
Long Blades    | 1 2 |  2.0
Dodging        | 3 4 |  4.1
Evocations     | 4 5 |  5.0
Axes           | 1 2 |  2.6
Invocations    | 2 |  2.0

Action                     |  1- 3 |  4- 6 |  7- 9 || total
---------------------------+-------+-------+-------++-------
  Melee: Club              |    99 |       |       ||    99
         Tailslap          |    17 |    13 |     5 ||    35
         Punch             |     2 |     1 |       ||     3
         Halberd           |    10 |       |       ||    10
         Short sword       |    41 |       |       ||    41
         Falchion          |    42 |   116 |       ||   158
         War axe           |       |    33 |    38 ||    71
Ability: Breathe Noxious F |       |       |     3 ||     3
  Evoke: Wand              |       |    10 |       ||    10
    Use: Scroll            |     1 |       |       ||     1
   Stab: Sleeping          |     4 |     4 |       ||     8
         Confused          |       |       |     1 ||     1
 Armour: Skin              |    84 |    62 |    16 ||   162
  Dodge: Dodged            |   198 |    95 |    37 ||   330

Table legend: (Time is in decaauts)
 A = Elapsed time spent in this place.
 B = Non-inter-level travel time spent in this place.
 C = Inter-level travel time spent in this place.
 D = Time resting spent in this place.
 E = Time spent auto-exploring this place.
 F = Levels seen in this place.
 G = Mean time per level.
                   A        B        C        D        E       F      G
               +--------+--------+--------+--------+--------+-----+--------+
         Total |   4078 |   3825 |    253 |      0 |   2424 |   5 |  815.6 |
       Dungeon |   4078 |   3825 |    253 |      0 |   2424 |   5 |  815.6 |
               +--------+--------+--------+--------+--------+-----+--------+

Top non-repeatable levels by time:
     D:1: 1276 daAuts
     D:3: 962 daAuts
     D:2: 817 daAuts
     D:5: 540 daAuts
     D:4: 481 daAuts
